 Dungeon Sprint DCSS version 0.22-a0-858-g985ef60 (webtiles) character file.

6600000 protoss039 the Axe Maniac (level 27, -72/273 HPs)
             Began as a Ghoul Gladiator on July 27, 2018.
             Was the Champion of Makhleb.
             Annihilated by a destroyer
             ... wielding a +9 great sword of slicing
              (162 damage)
             ... in the Dungeon (Sprint VIII: "Arena of Blood").
             The game lasted 00:02:22 (66 turns).

protoss039 the Axe Maniac (Ghoul Gladiator)           Turns: 66, Time: 00:02:23

Health: -72/273    AC:  8    Str: 22    XL:     27
Magic:  28/53      EV: 34    Int:  3    God:    Makhleb [******]
Gold:   0          SH:  0    Dex: 19    Spells: 80/80 levels left

rFire    . . .     SeeInvis +   k - +∞ Axe of Woe
rCold    + . .     Gourm    .   (shield currently unavailable)
rNeg     + + +     Faith    .   a - +0 leather armour
rPois    ∞         Spirit   .   b - +0 helmet
rElec    .         Reflect  .   (no cloak)
rCorr    .         Harm     .   (no gloves)
MR       ++...     NoTele   +   (no boots)
Stlth    +++++++++.             (no amulet)
HPRegen  0.00/turn              l - ring of see invisible
MPRegen  0.33/turn              (no ring)

@: rotting
A: rotting body, claws 1, carnivore, cold resistance 1, negative energy
resistance 3, inhibited regeneration, torment resistance, unbreathing
a: Minor Destruction, Lesser Servant of Makhleb, Major Destruction, Greater
Servant of Makhleb, Renounce Religion


You were in the Dungeon.
You worshipped Makhleb.
Makhleb was exalted by your worship.
You were not hungry.

You visited 1 branch

Inventory:

Hand Weapons
 k - the +∞ Axe of Woe (weapon)
   (You found it in the Dungeon)
Missiles
 c - 3 throwing nets (quivered)
Armour
 a - a +0 leather armour (worn)
 b - a +0 helmet (worn)
Jewellery
 l - a ring of see invisible (left claw)
Scrolls
 j - a scroll of blinking
Potions
 e - a potion of curing
 f - a potion of heal wounds
 g - a potion of haste
 h - 2 potions of magic
 i - a potion of berserk rage
Comestibles
 d - a ration


   Skills:
 O Level 27 Fighting
 O Level 27 Axes
 O Level 27 Throwing
 O Level 27 Armour
 O Level 27 Dodging
 O Level 27 Stealth
 O Level 27 Unarmed Combat
 O Level 27 Spellcasting
 O Level 27 Invocations


You had 80 spell levels left.
You didn't know any spells.
Your spell library was empty.

Dungeon Overview and Level Annotations

Branches:
Dungeon (1/1)

Altars:
Makhleb

Annotations:
D The Captor, The Servant


Innate Abilities, Weirdness & Mutations

Your body is rotting away.
You thrive on raw meat.
You are immune to poison.
You have sharp fingernails.
You are carnivorous and can eat meat at any time.
Your flesh is cold resistant. (rC+)
You are immune to negative energy. (rN+++)
You do not regenerate when monsters are visible.
You are immune to unholy pain and torment.
You can survive without breathing.


Message History

You destroy the destroyer!
Makhleb accepts your kill.
You slash the meat berserker!
You dissect the meat berserker like a pig carcass.
You kill the meat berserker!
Makhleb accepts your kill.
You hear a shout! x4
A destroyer comes into view.
It is wielding a +9 great sword of slicing.
The destroyer is engulfed in blazing flames.
You hear a shout! x2
Unknown command.
Unknown command.
You hear a shout! x3
The Servant hits you with a +9 glaive of flaming!!!!
The Servant burns you!!!
You hear a shout! x5
The destroyer is engulfed in blazing flames.
The destroyer hits you with a +9 great sword of slicing!!!!!
Ouch! That really hurt!
You die...

#################
#.......§§......####
......)%§O...%.....#
....##)##)#####....
......)))§§).)......
##.....##V##L.X.....
.........)@@o.X.....
........X#x#W.X....#
.........)o))....###
.........)))).X....
#.........))o.@.....
...................
........))....M....
...#...))).#..V...
#.......#......


You could see an accursed, a tyrant, The Servant, 2 destroyers, 5 large
abominations, a dread, 3 bags of meat and a crawling corpse.

Vanquished Creatures
  A hell beast (D)
  A greater mummy (D)
  9 vampire knights (D)
  16 ogres (D)
  5 two-headed ogres (D)
  40 orcs (D)
  A skeletal warrior (D)
  6 large abominations (D)
  A small abomination (D)
  3 crawling corpses (D)
83 creatures vanquished.

Vanquished Creatures (others)
  A crawling corpse (D)
1 creature vanquished.

Grand Total: 84 creatures vanquished

Notes
Turn   | Place    | Note
-------+----------+-------------------------------------------
     0 | D        | Found the +∞ Axe of Woe
     0 | D        | protoss039 the Ghoul Gladiator began the quest for the Orb.
     0 | D        | Reached XP level 1. HP: 17/17 MP: 0/0
     1 | D        | Noticed a bag of meat
     2 | D        | Noticed a bag of meat
     3 | D        | Became a worshipper of Makhleb the Destroyer
     4 | D        | Noticed a bag of meat
     6 | D        | Noticed a bag of meat
     7 | D        | Killed a bag of meat
     7 | D        | Reached skill level 15 in Fighting
     7 | D        | Reached XP level 2. HP: 49/49 MP: 1/1
     7 | D        | Reached XP level 3. HP: 56/56 MP: 2/2
     7 | D        | Reached XP level 4. HP: 63/63 MP: 3/3
     7 | D        | Reached XP level 5. HP: 70/70 MP: 4/4
     7 | D        | Reached XP level 6. HP: 78/78 MP: 5/5
     7 | D        | Reached XP level 7. HP: 84/84 MP: 6/6
     7 | D        | Reached XP level 8. HP: 93/93 MP: 7/7
     7 | D        | Reached XP level 9. HP: 100/100 MP: 8/8
     7 | D        | Reached XP level 10. HP: 107/107 MP: 9/9
     7 | D        | Reached XP level 11. HP: 114/114 MP: 10/10
     7 | D        | Reached XP level 12. HP: 122/122 MP: 11/11
     7 | D        | Noticed a bag of meat
     8 | D        | Killed a bag of meat
     8 | D        | Reached * piety under Makhleb
     8 | D        | Reached skill level 15 in Dodging
     8 | D        | Reached XP level 13. HP: 96/134 MP: 12/12
     9 | D        | Killed a bag of meat
     9 | D        | Reached XP level 14. HP: 105/146 MP: 13/13
     9 | D        | Noticed a bag of meat
    11 | D        | Killed a bag of meat
    11 | D        | Noticed a meat berserker
    12 | D        | Noticed a meat berserker
    13 | D        | Noticed a bag of meat
    14 | D        | Noticed a bag of meat
    14 | D        | Noticed a bag of meat
    14 | D        | Noticed a bag of meat
    14 | D        | Noticed a bag of meat
    14 | D        | Noticed a large bag of meat
    14 | D        | Noticed a bag of meat
    15 | D        | Noticed a bag of meat
    15 | D        | Noticed a bag of meat
    15 | D        | Noticed a bag of meat
    15 | D        | Noticed a bag of meat
    16 | D        | Killed a meat berserker
    16 | D        | Reached ** piety under Makhleb
    16 | D        | Reached XP level 15. HP: 162/162 MP: 14/14
    16 | D        | Noticed a large bag of meat
    17 | D        | Noticed a meat berserker
    18 | D        | Killed a meat berserker
    18 | D        | Reached skill level 27 in Axes
    18 | D        | Reached XP level 16. HP: 178/178 MP: 15/15
    18 | D        | Reached *** piety under Makhleb
    18 | D        | Reached skill level 27 in Fighting
    18 | D        | Reached XP level 17. HP: 191/191 MP: 16/16
    18 | D        | Reached skill level 27 in Dodging
    18 | D        | Reached skill level 1 in Armour
    18 | D        | Reached skill level 1 in Spellcasting
    19 | D        | Noticed a meat berserker
    20 | D        | Noticed a meat berserker
    20 | D        | Noticed a meat berserker
    20 | D        | Noticed a meat berserker
    20 | D        | Noticed a meat berserker
    21 | D        | Noticed a large bag of meat
    22 | D        | Killed a large bag of meat
    22 | D        | Reached skill level 10 in Stealth
    22 | D        | Reached skill level 10 in Unarmed Combat
    22 | D        | Reached XP level 18. HP: 172/200 MP: 16/28
    22 | D        | Reached **** piety under Makhleb
    22 | D        | Reached skill level 10 in Throwing
    22 | D        | Reached skill level 10 in Spellcasting
    22 | D        | Reached skill level 15 in Stealth
    22 | D        | Reached skill level 15 in Unarmed Combat
    22 | D        | Reached skill level 15 in Invocations
    22 | D        | Reached XP level 19. HP: 207/207 MP: 16/34
    23 | D        | Killed a large bag of meat
    23 | D        | Reached ***** piety under Makhleb
    23 | D        | Reached skill level 15 in Armour
    23 | D        | Reached skill level 15 in Spellcasting
    23 | D        | Reached XP level 20. HP: 216/216 MP: 16/38
    23 | D        | Noticed a meat berserker
    24 | D        | Noticed a large bag of meat
    24 | D        | Noticed a large bag of meat
    25 | D        | Killed a meat berserker
    25 | D        | Killed a meat berserker
    25 | D        | Reached XP level 21. HP: 224/224 MP: 17/42
    25 | D        | Killed a meat berserker
    25 | D        | Reached ****** piety under Makhleb
    25 | D        | Reached skill level 27 in Stealth
    26 | D        | Killed a meat berserker
    26 | D        | Reached XP level 22. HP: 233/233 MP: 17/46
    26 | D        | Reached skill level 27 in Unarmed Combat
    26 | D        | Reached skill level 27 in Invocations
    27 | D        | Noticed a destroyer
    27 | D        | Reached skill level 27 in Throwing
    27 | D        | Reached skill level 27 in Armour
    27 | D        | Reached XP level 23. HP: 240/240 MP: 17/52
    27 | D        | Reached skill level 27 in Spellcasting
    30 | D        | Reached XP level 24. HP: 249/249 MP: 18/53
    30 | D        | Noticed a destroyer
    31 | D        | Noticed a destroyer
    31 | D        | Noticed a destroyer
    32 | D        | Noticed a destroyer
    33 | D        | Reached XP level 25. HP: 257/257 MP: 19/53
    34 | D        | Killed a destroyer
    35 | D        | Killed a destroyer
    35 | D        | Reached XP level 26. HP: 266/266 MP: 19/53
    35 | D        | Killed a destroyer
    41 | D        | Killed a destroyer
    41 | D        | Reached XP level 27. HP: 273/273 MP: 21/53
    42 | D        | Killed a destroyer
    43 | D        | Killed a large bag of meat
    44 | D        | Noticed a destroyer
    46 | D        | Noticed an accursed
    47 | D        | Killed a large bag of meat
    47 | D        | Noticed a destroyer
    48 | D        | Noticed a destroyer
    51 | D        | Killed a destroyer
    53 | D        | Killed a large bag of meat
    54 | D        | Killed a destroyer
    54 | D        | Killed a destroyer
    56 | D        | Killed an accursed
    58 | D        | Noticed The Servant
    59 | D        | Noticed a destroyer
    59 | D        | Noticed a tyrant
    60 | D        | Noticed a meat beast
    63 | D        | Noticed a destroyer
    63 | D        | Noticed a dread
    63 | D        | Noticed The Captor
    64 | D        | Killed a meat beast
    64 | D        | Noticed an accursed
    65 | D        | Killed a destroyer
    65 | D        | Noticed a destroyer
    66 | D        | Annihilated by a destroyer

Vault maps used:
D:        meatsprint

Skill      XL: |  1  2  3  4  5  6  7  8  9 10 11 12 13 14 15 16 17 18 19 20 21 22 23 |
---------------+----------------------------------------------------------------------+-----
Fighting       | 15 18 19 22 25 27 | 27.0
Axes           | 18 20 22 25 27 | 27.0
Dodging        | 13 15 17 19 22 25 27 | 27.0
Throwing       | 8 13 17 20 23 27 | 27.0
Armour         | 8 13 17 20 22 27 | 27.0
Stealth        | 10 16 21 24 27 | 27.0
Unarmed Combat | 10 15 19 23 26 27 | 27.0
Spellcasting   | 7 12 15 18 21 26 27 | 27.0
Invocations    | 9 15 19 23 26 27 | 27.0

Action                   |  1- 3 |  4- 6 |  7- 9 | 10-12 | 13-15 | 16-18 | 19-21 | 22-24 | 25-27 || total
-------------------------+-------+-------+-------+-------+-------+-------+-------+-------+-------++-------
Melee: Executioner's axe |     1 |       |       |     1 |     4 |     1 |     3 |     4 |    21 ||    35
Dodge: Dodged            |       |       |       |       |       |     3 |     2 |     2 |     2 ||     9

Table legend:
 A = Spawn XP
 B = Non-spawn XP
 C = Spawn XP percentage of total XP
 D = Spawn monster count
 E = Non-spawn monster count
 F = Spawn count percentage of total count
 G = Total turns spent on level
                    A         B        C        D         E        F      G
               +---------+---------+-------+---------+---------+-------+---------
         Total |       0 | 2221236 |   0.0 |       0 |      80 |   0.0 |    66
               +---------+---------+-------+---------+---------+-------+---------
             D |       0 | 2221236 |   0.0 |       0 |      80 |   0.0 |    66
               +---------+---------+-------+---------+---------+-------+---------
